 Dungeon Crawl Stone Soup version 0.20.0-15-g7f486f2 (webtiles) character file.

48 greprep the Grave Robber (level 3, -3/19 HPs)
             Began as a Deep Elf Necromancer on June 18, 2017.
             Slain by a gnoll
             ... wielding a +0 spear
              (7 damage)
             ... on level 2 of the Dungeon.
             The game lasted 00:04:28 (1999 turns).

greprep the Grave Robber (Deep Elf Necromancer)     Turns: 1999, Time: 00:04:28

Health: -3/19      AC:  7    Str:  5    XL:     3   Next: 50%
Magic:  6/10       EV: 12    Int: 20    God:
Gold:   74         SH:  0    Dex: 15    Spells: 6/10 levels left

rFire    + . .     SeeInvis .   (no weapon)
rCold    . . .     Gourm    .   (no shield)
rNeg     . . .     Faith    .   k - +3 leather armour
rPois    .         Spirit   .   (no helmet)
rElec    .         Reflect  .   (no cloak)
rCorr    .         Harm     .   (no gloves)
MR       .....                  g - +0 pair of boots
Stlth    ++........             f - amulet of magic regeneration
Regen    0.1/turn               d - ring of protection from fire
MPRegen  0.2/turn               (no ring)

@: no status effects
A: no striking features
a: no special abilities


You were on level 2 of the Dungeon.
You were very hungry.

You visited 1 branch of the dungeon, and saw 2 of its levels.

You collected 74 gold pieces.

Inventory:

Armour
 g - a +0 pair of boots (worn)
 k - a +3 leather armour (worn)
Jewellery
 d - a ring of protection from fire (left hand)
 f - an amulet of magic regeneration (around neck)
 l - a cursed ring of loudness {unknown}
 m - a +2 ring of strength {unknown}
Scrolls
 h - 2 scrolls of fear {unknown}
 i - 2 scrolls of identify {unknown}
 o - a scroll of amnesia {unknown}
 p - a scroll of enchant armour {unknown}
Potions
 e - 2 potions of flight {unknown}
 j - 2 potions of curing {unknown}
 n - a potion of berserk rage {unknown}
 q - 3 potions of magic {unknown}
Books
 a - a book of Maledictions

   Spells                             Type                      Level
   a - Corona                         Hexes                        1
   b - Ensorcelled Hibernation        Hexes/Ice                    2
   c - Confuse                        Hexes                        3
   d - Tukima's Dance                 Hexes                        3
   e - Dazzling Spray                 Conjuration/Hexes            3
 b - a book of Necromancy

   Spells                             Type                      Level
   a - Pain                           Necromancy                   1
   b - Animate Skeleton               Necromancy                   1
   c - Vampiric Draining              Necromancy                   3
   d - Regeneration                   Charms/Necromancy            3
   e - Animate Dead                   Necromancy                   4
   f - Control Undead                 Necromancy                   4
Comestibles
 c - 4 bread rations


   Skills:
 - Level 2.4 Dodging
 + Level 2.4 Stealth
 + Level 4.2 Spellcasting
 + Level 5.7 Necromancy


You had 6 spell levels left.
You knew the following spells:

 Your Spells              Type           Power        Failure   Level  Hunger
a - Pain                  Necr           ####         1%          1    None
b - Ensorcelled Hibernat  Hex/Ice        #.....       32%         2    #......
c - Animate Skeleton      Necr           N/A          1%          1    None


Dungeon Overview and Level Annotations

Branches:
Dungeon (2/15)

Altars:


Message History

* * * LOW HITPOINT WARNING * * *
Casting: Pain
Confirm with . or Enter, or press ? or * to list all spells.
Aiming: Pain
Press: ? - help, Shift-Dir - straight line, f/p - gnoll
Aim: a gnoll, wielding a spear (lightly wounded, chance to defeat MR: 89%)
The gnoll barely resists.
Your rat skeleton barely misses the gnoll.
The gnoll misses you.
Unknown command.
Your rat skeleton bites the gnoll but does no damage.
You see here a chunk of flesh.
The gnoll shouts!
You hit the gnoll.
The gnoll is lightly wounded.
The gnoll hits you but does no damage. The gnoll closely misses you.
The gnoll misses you.
The gnoll hits you from afar with a spear!
You die...

##.[.#%......#
##.##.g.....#
#Z##...Z...#
#.##...g...#
#g######.### #.### #g#
##gg<####.#####...
#......##........# #
########
#@##.#.##.#...#.># #
#......#
#.##.#.##.#......#
#######.####.#
#.##.....g....#.##
##........##.#
#.####.##.##### #
...####.#.##.#
#.####.#.... ####
##......###......#.####
# #.........#######...#
# #..#.##.#.# #...#
###.[#.##.#.## #.(.#


You could see 3 gnolls and a friendly rat skeleton.

Vanquished Creatures
  2 worms (D:2)
  3 dart slugs (D:1)
  4 bats
  2 giant cockroaches (D:1)
  4 goblins
  4 hobgoblins (D:1)
  5 kobolds (D:1)
  A quokka (D:2)
  3 frilled lizards (D:1)
  6 rats
34 creatures vanquished.

Notes
Turn   | Place    | Note
-------+----------+-------------------------------------------
     0 | D:1      | greprep the Deep Elf Necromancer began the quest for the Orb.
     0 | D:1      | Reached XP level 1. HP: 10/10 MP: 6/6
    88 | D:1      | Reached skill level 5 in Necromancy
   401 | D:1      | Reached XP level 2. HP: 15/15 MP: 6/8
  1040 | D:1      | Learned a level 2 spell: Ensorcelled Hibernation
  1292 | D:1      | Reached XP level 3. HP: 12/19 MP: 2/10
  1952 | D:2      | Learned a level 1 spell: Animate Skeleton
  1999 | D:2      | Slain by a gnoll

Skill      XL: |  1  2  3 |
---------------+----------+-----
Necromancy     | 5 |  5.7
Spellcasting   | 4 |  4.2
Dodging        | |  2.4
Stealth        | |  2.4

Action                   || total
-------------------------++-------
Melee: Unarmed           ||     1
 Cast: Pain              ||    61
       Animate Skeleton  ||     1
       Ensorcelled Hiber ||     1
  Eat: Chunk             ||     2
Armor: Leather armour    ||     2
Dodge: Dodged            ||     6
